Map: Acometida terminal EE

Players

xXkazperXx

  • Race: Zerg Zerg
  • Spawn Location: 3:00

xLoRDx - Winner!

  • Race: Zerg Zerg
  • League: Gold
  • Spawn Location: 12:00

VOD

Have the link to the VOD?

Description

Time

  • Played on: March 6, 2016, 3 a.m.
  • Length: 35:51
Show
View Real Time Build Order
Export as new Build Order

xXkazperXx Zerg 

Build Orders: Pool First 

Get SALT Encoding   

  12  0:02  Drone  
  13  0:09  Drone  
  14  0:18  Overlord  
  14  0:31  Extractor  
  14  0:33  Drone  
  14  0:38  Drone x2  
  16  0:56  Drone x2  
  18  0:57  Spawning Pool  
  17  1:11  Drone  
  18  1:26  Drone  
  19  1:39  Drone  
  20  1:40  Drone  
  21  1:50  Zergling x2  
  22  2:08  Roach Warren  
  21  2:21  Evolution Chamber, Zergling x2  
  21  2:22  Zergling x2  
  22  2:25  Overlord  
  22  2:43  Queen  
  24  2:52  Drone x2  
  26  3:06  Extractor  
  26  3:08  Zergling x4  
  27  3:39  Roach  
  27  3:40  Overlord x2  
  29  3:46  Lair  
  29  3:49  Metabolic Boost  
  29  4:27  Roach x4  
  24  5:06  Zergling x6  
  25  5:17  Hatchery  
  25  5:20  Pneumatized Carapace  
  24  5:28  Spire  
  23  5:32  Hydralisk Den  
  23  5:35  Zergling x4  
  24  5:42  Drone  
  25  5:56  Drone  
  26  6:03  Queen  
  28  6:09  Drone  
  29  6:32  Drone x2  
  31  6:54  Drone x3  
  34  7:16  Drone x3  
  37  7:42  Drone x3  
  37  7:43  Hatchery, Queen  
  41  7:48  Hydralisk x3  
  47  7:51  Burrow  
  47  7:53  Mutalisk  
  49  7:59  Drone x3  
  52  8:18  Hatchery  
  51  8:27  Drone  
  51  8:29  Overlord  
  51  8:34  Overseer  
  52  8:52  Drone x3  
  55  8:56  Drone x4  
  59  9:05  Lurker Den  
  59  9:12  Zerg Flyer Weapons Level 1  
  59  9:13  Glial Reconstitution  
  59  9:22  Drone  
  59  9:23  Drone x2  
  62  9:34  Mutalisk x5  
  62  9:37  Overlord  
  72  9:55  Drone x4  
  76  10:01  Extractor  
  76  10:03  Extractor  
  74  10:28  Drone x3  
  77  10:46  Mutalisk  
  79  10:54  Lurker  
  80  10:57  Overlord x2  
  80  11:21  Lurker x2  
  82  11:26  Drone x3  
  58  11:50  Zergling x12  
  58  11:52  Zergling x4  
  66  11:54  Zergling x6  
  66  11:56  Mutalisk x6  
  81  12:14  Extractor  
  80  12:18  Extractor, Drone x2  
  81  12:32  Hydralisk x2  
  83  13:03  Spine Crawler  
  82  13:09  Spine Crawler  
  81  13:19  Drone  
  83  13:20  Drone x2  
  83  13:23  Drone x3  
  87  13:31  Zergling x2  
  87  13:33  Overlord x2  
  88  13:40  Overseer  
  88  14:11  Drone x3  
  88  14:13  Drone x4  
  88  14:14  Drone x4  
  99  14:30  Mutalisk x2  
  103  15:18  Overlord x4  
  103  15:24  Zergling x2  
  94  16:24  Hydralisk x2  
  94  16:25  Hydralisk  
  100  16:28  Hydralisk  
  100  16:29  Hydralisk x5  
  100  16:31  Hydralisk x3  
  118  16:35  Mutalisk x5  
  118  16:36  Mutalisk  
  121  17:11  Zergling x6  
  121  17:14  Hydralisk  
  121  17:15  Hydralisk x5  
  134  17:24  Overlord x3  
  134  17:34  Drone  
  135  17:45  Lair  
  135  17:56  Infestation Pit  
  116  18:20  Drone x3  
  119  18:49  Hydralisk x3  
  119  18:51  Hydralisk x2, Extractor  
  119  18:54  Hive  
  119  18:55  Extractor  
  127  19:13  Mutalisk  
  127  19:14  Mutalisk x3  
  127  19:16  Mutalisk x3  
  141  19:20  Mutalisk x2  
  141  19:22  Mutalisk x2  
  141  19:23  Mutalisk  
  151  19:26  Zerg Flyer Weapons Level 2  
  151  19:30  Muscular Augments  
  151  19:38  Zerg Missile Weapons Level 1  
  151  19:40  Tunneling Claws  
  147  19:52  Mutalisk x3  
  108  20:41  Ultralisk Cavern  
  108  20:42  Pathogen Glands  
  53  21:01  Lurker x4  
  57  21:06  Mutalisk  
  57  21:09  Overlord x2  
  59  21:42  Chitinous Plating  
  59  21:49  Ultralisk  
  65  22:01  Ultralisk  
  71  22:04  Zergling x6  
  71  22:06  Zergling x4  
  76  22:10  Mutalisk  
  78  22:50  Hatchery  
  77  23:01  Swarm Host  
  77  23:05  Viper  
  80  23:06  Infestor  
  85  23:15  Corruptor  
  87  23:23  Roach x2  
  91  23:29  Zerg Flyer Weapons Level 3  
  88  24:40  Spore Crawler  
  88  24:41  Spore Crawler x2  
  88  24:42  Spore Crawler  
  84  24:45  Spore Crawler  
  84  24:47  Spore Crawler  
  84  24:50  Mutalisk x6  
  84  24:51  Spore Crawler  
  66  25:35  Mutalisk x5  
  65  26:13  Greater Spire  
  65  26:21  Zergling x6  
  65  26:24  Mutalisk  
  65  26:25  Mutalisk  
  72  26:43  Zergling x2  
  72  26:46  Queen  
  65  27:56  Mutalisk x2  
  61  28:36  Spawning Pool  
  31  29:26  Spore Crawler  
  31  29:29  Spore Crawler  
  29  29:32  Spore Crawler x2  
  29  29:35  Spore Crawler  
  29  29:36  Spore Crawler  
  25  29:39  Spore Crawler  
  10  30:30  Drone  
  10  30:31  Drone x2  
  13  32:08  Hatchery  
  4  33:26  Drone  
  2  34:20  Drone x4  
  2  34:23  Overlord  
  6  34:40  Spine Crawler  
  6  34:42  Spine Crawler  
  6  34:44  Spine Crawler, Drone x2  
  3  34:57  Drone  
Show
View Real Time Build Order
Export as new Build Order

xLoRDx Zerg - Winner!

Build Orders: Pool First 

Get SALT Encoding   

  12  0:01  Drone  
  13  0:09  Drone  
  14  0:27  Spawning Pool  
  13  0:31  Drone  
  14  0:37  Overlord  
  14  0:43  Extractor  
  14  0:44  Drone  
  14  0:49  Extractor  
  13  0:51  Drone  
  14  1:00  Drone  
  15  1:10  Drone  
  16  1:14  Queen  
  18  1:20  Drone  
  19  1:27  Overlord  
  19  1:37  Drone  
  20  1:48  Drone  
  21  2:15  Hatchery  
  21  2:20  Roach Warren  
  19  2:26  Baneling Nest  
  19  2:28  Drone  
  19  2:32  Drone  
  20  2:38  Drone  
  20  2:43  Drone  
  22  2:49  Drone  
  23  2:57  Metabolic Boost  
  23  3:13  Zergling x4  
  23  3:14  Zergling x4  
  23  3:15  Zergling x2  
  28  3:22  Overlord  
  28  3:29  Drone  
  29  3:43  Lair  
  29  3:49  Zergling x6  
  29  3:52  Zergling x2  
  33  3:57  Overlord  
  33  3:59  Drone  
  34  4:14  Queen  
  36  4:29  Drone x2  
  29  5:14  Drone x3  
  31  5:15  Hydralisk Den  
  31  5:26  Hatchery  
  30  5:32  Infestation Pit, Drone  
  30  5:35  Extractor  
  29  5:36  Extractor, Drone  
  29  5:43  Burrow, Tunneling Claws  
  29  5:48  Muscular Augments  
  29  5:52  Hydralisk  
  29  5:53  Hydralisk x3  
  38  5:57  Drone  
  38  5:59  Drone  
  39  6:15  Hydralisk x3  
  45  6:23  Centrifical Hooks  
  45  6:28  Drone x2  
  45  6:30  Drone  
  48  6:39  Queen  
  50  6:42  Drone  
  50  6:43  Drone  
  52  6:50  Evolution Chamber  
  51  6:55  Evolution Chamber  
  50  7:06  Drone x2  
  50  7:07  Drone  
  53  7:15  Overseer  
  53  7:16  Overlord  
  53  7:18  Overlord x2  
  53  7:25  Extractor  
  53  7:26  Extractor  
  51  7:32  Hydralisk  
  53  7:39  Hatchery  
  52  7:44  Overseer  
  52  7:55  Zerg Melee Weapons Level 1, Evolution Chamber  
  52  7:56  Zerg Missile Weapons Level 1  
  51  7:59  Glial Reconstitution  
  51  8:08  Hive  
  51  8:16  Roach x4  
  59  8:22  Drone x3  
  62  8:45  Roach x2  
  62  8:46  Roach x5  
  76  8:57  Drone x2  
  76  8:58  Drone x2  
  80  9:31  Hydralisk x4  
  88  9:42  Zerg Ground Armor Level 1  
  88  10:07  Overlord x2  
  88  10:08  Overlord  
  88  10:27  Hydralisk  
  88  10:28  Hydralisk x2  
  94  10:40  Ultralisk Cavern  
  94  10:41  Zergling x10  
  94  10:42  Zergling x10  
  96  11:58  Swarm Host  
  96  12:01  Swarm Host  
  99  12:03  Infestor  
  99  12:04  Infestor  
  106  12:09  Pathogen Glands  
  106  12:11  Viper  
  106  12:13  Viper  
  112  12:39  Zerg Ground Armor Level 2  
  112  12:40  Zerg Missile Weapons Level 2  
  112  12:42  Zerg Melee Weapons Level 2  
  112  13:59  Overlord x3  
  112  14:02  Overlord x3  
  112  14:13  Neural Parasite  
  112  14:25  Infestor x3  
  118  15:00  Infestor x4  
  118  15:01  Infestor  
  128  15:29  Infestor  
  130  17:56  Extractor  
  129  18:32  Hydralisk x2  
  129  18:33  Hydralisk x5  
  143  18:37  Hydralisk x5  
  143  18:41  Zerg Melee Weapons Level 3  
  153  18:43  Zerg Missile Weapons Level 3  
  153  18:44  Zerg Ground Armor Level 3  
  153  18:51  Drone x2  
  153  18:52  Drone  
  85  20:53  Infestor  
  77  21:11  Spawning Pool  
  77  21:17  Extractor  
  75  21:51  Spawning Pool  
  74  22:10  Spire  
  74  22:13  Spire  
  73  22:19  Hydralisk x2  
  73  22:20  Hydralisk x6  
  89  22:23  Hydralisk x3  
  89  22:24  Hydralisk x5  
  105  22:55  Hatchery  
  104  23:23  Mutalisk x7  
  118  23:28  Mutalisk x6  
  118  23:33  Mutalisk x2  
  118  23:34  Mutalisk x7  
  148  24:06  Zergling x6  
  148  24:07  Zergling x4  
  153  24:11  Zergling x10  
  153  24:15  Zergling x6  
  153  24:16  Zergling x6  
  164  24:17  Zergling x2  
  165  26:06  Greater Spire  
  165  26:07  Zerg Flyer Weapons Level 1  
  165  26:41  Overlord x2  
  165  26:42  Overlord x2  
  163  27:59  Mutalisk x5  
  163  28:00  Mutalisk  
  163  28:05  Zerg Flyer Armor Level 1  
  175  28:06  Zerg Flyer Weapons Level 2  
  175  28:22  Corruptor  
  175  28:23  Corruptor x5  
  115  31:08  Ravager  
  116  31:17  Extractor  
  115  31:21  Extractor, Mutalisk x4  
  115  31:22  Mutalisk x2  
  115  31:25  Mutalisk x5  
  126  31:26  Mutalisk  
  136  31:42  Drone x3  
  139  31:59  Queen  
  141  32:06  Corruptor x5  
  141  32:07  Corruptor  
  153  32:57  Brood Lord x4  
  153  32:58  Brood Lord x2  
  165  33:04  Mutalisk x4  
  171  33:32  Zerg Flyer Armor Level 2  
  171  33:36  Drone x3  
Tags
 
League
Gold
Matchup
ZvZ
Race
Zerg
Replay Pack
replays pack
Spawn Locations
Close Positions
Add a new tag
Caveats
  • Supply blocks, unpowered buildings, or Contaminate may cause inaccurate times.
  • Supply counts are checked every 10 seconds.